 Dungeon Sprint DCSS version 0.21.0-37-g46506fa (webtiles) character file.

10 wojtek the Grave Robber (level 2, -4/19 HPs)
             Began as a Demonspawn Necromancer on Jan 31, 2018.
             Slain by Jessica
             ... wielding a +0 dagger
              (6 damage)
             ... in the Dungeon (Sprint III: "The Ten Rune Challenge").
             The game lasted 00:01:04 (427 turns).

wojtek the Grave Robber (Demonspawn Necromancer)     Turns: 427, Time: 00:01:04

Health: -4/19      AC:  4    Str:  8    XL:     2   Next: 10%
Magic:  0/5        EV: 12    Int: 16    God:
Gold:   11         SH:  0    Dex: 13    Spells: 4/5 levels left

rFire    . . .     SeeInvis .   (no weapon)
rCold    . . .     Gourm    .   (no shield)
rNeg     . . .     Faith    .   a - +0 robe
rPois    .         Spirit   .   (no helmet)
rElec    .         Reflect  .   (no cloak)
rCorr    .         Harm     .   (no gloves)
MR       .....     NoTele   +   (no boots)
Stlth    ++........             (no amulet)
HPRegen  0.06/turn              (no ring)
MPRegen  0.09/turn              (no ring)

@: slowed, very slow
A: thin metallic scales 1
a: no special abilities


You were in the Dungeon.
You were not hungry.

You visited 1 branch You collected 11 gold pieces.

Inventory:

Armour
 a - a +0 robe (worn)
Scrolls
 i - a scroll of blinking
 j - a scroll of random uselessness {unknown}
Potions
 d - a potion of curing
 e - a potion of heal wounds
 f - a potion of haste
 g - 2 potions of magic
 h - a potion of berserk rage
Books
 b - a book of Necromancy

   Spells                             Type                      Level
   a - Pain                           Necromancy                   1
   b - Animate Skeleton               Necromancy                   1
   c - Vampiric Draining              Necromancy                   3
   d - Regeneration                   Charms/Necromancy            3
   e - Animate Dead                   Necromancy                   4
   f - Borgnjor's Vile Clutch         Necromancy/Earth             5
Comestibles
 c - a ration
 k - a chunk of flesh


   Skills:
 - Level 1.7 Dodging
 - Level 1.7 Stealth
 - Level 2.0 Spellcasting
 + Level 6.5 Necromancy


You had 4 spell levels left.
You knew the following spells:

 Your Spells              Type           Power        Failure   Level  Hunger
a - Pain                  Necr           ###.         1%          1    #......


Dungeon Overview and Level Annotations

Branches:
Dungeon (1/1)

Altars:

Annotations:
D Jessica


Innate Abilities, Weirdness & Mutations

You are partially covered in thin metallic scales. (AC +2)


Message History

Press: ? - help, Shift-Dir - straight line, f/p - Jessica
Aim: Jessica, wielding a dagger and wearing a robe (moderately wounded, fast, chance to defeat MR: 87%) Jessica writhes in agony!
Casting: Pain
Confirm with . or Enter, or press ? or * to list all spells.
You don't have enough magic to cast that spell.
Unknown command.
Casting: Pain
Confirm with . or Enter, or press ? or * to list all spells.
You don't have enough magic to cast that spell.
Unknown command.
You hit Jessica.
Jessica is heavily wounded.
Jessica hits you but does no damage. Jessica barely misses you.
Jessica misses you.
You hit Jessica but do no damage.
Jessica is heavily wounded.
Jessica casts a spell at you. You resist with some effort.
Jessica hits you with a dagger.
You die...

▓▓▓▓▓▓▓▓▓
▓<..#...####
▓...#......##
▓..##.......#
▓##.##.##@..#
##.##.###@.#
▓#.####.##..#
▓.###..##..##
▓#.....##..#
###..##...#
##..##....#
#..## ..##.
#..# #.. #


You could see Jessica.

Vanquished Creatures
  2 oozes (D)
  A rat (D)
3 creatures vanquished.

Vanquished Creatures (others)
  2 draconian scorchers (D)
  6 hellions (D)
  A yaktaur (D)
  3 plants (D)
12 creatures vanquished.

Grand Total: 15 creatures vanquished

Notes
Turn   | Place    | Note
-------+----------+-------------------------------------------
     0 | D        | wojtek the Demonspawn Necromancer began the quest for the Orb.
     0 | D        | Reached XP level 1. HP: 13/13 MP: 3/3
    22 | D        | Reached skill level 5 in Necromancy
    77 | D        | Killed a hellion
    78 | D        | Killed a hellion
   110 | D        | Killed a white draconian scorcher
   123 | D        | Reached skill level 6 in Necromancy
   123 | D        | Gained mutation: You are partially covered in thin metallic scales. (AC +2) [demonic ancestry]
   123 | D        | Reached XP level 2. HP: 5/19 MP: 1/5
   141 | D        | Killed a hellion
   142 | D        | Killed a yaktaur
   147 | D        | Killed a white draconian scorcher
   152 | D        | Killed a hellion
   188 | D        | Killed a hellion
   246 | D        | Killed a hellion
   414 | D        | Noticed Jessica
   427 | D        | Slain by Jessica

Skill      XL: |  1 |
---------------+----+-----
Necromancy     | 6 |  6.5
Dodging        | |  1.7
Stealth        | |  1.7
Spellcasting   | |  2.0

Action                   || total
-------------------------++-------
Melee: Unarmed           ||    14
 Cast: Pain              ||    17
Armor: Robe              ||     3
Dodge: Dodged            ||    16
